 Dungeon Sprint DCSS version 0.26-a0-663-g36e8fdb655 (webtiles) character file.

Game seed: 13610058775375601151

48119 sahdkjhfkaj the Eclecticist (level 14, -5/100 HPs)
             Began as a Kobold Earth Elementalist on Oct 12, 2020.
             Was the Champion of Vehumet.
             Killed from afar by a deep elf sorcerer (24 damage)
             ... with a bolt of acid
             ... in the Dungeon (Sprint VII: "The Pits").
             The game lasted 00:33:25 (11768 turns).

sahdkjhfkaj the Eclecticist (KoEE)                 Turns: 11768, Time: 00:33:25

Health: -5/100     AC: 14    Str:  5      XL:     14   Next: 85%
Magic:  2/35       EV: 32    Int: 21      God:    Vehumet [******]
Gold:   90         SH: 12    Dex: 15 (16) Spells: 18/48 levels left

rFire    . . .     SeeInvis +   F - +3 demon blade (elec)
rCold    . . .     Faith    .   c - +1 kite shield {AC+3}
rNeg     . . .     Spirit   .   t - +4 ring mail
rPois    +         Reflect  .   D - +2 hat
rElec    +         Harm     .   u - +2 cloak
rCorr    .         Rampage  .   m - +0 pair of gloves
MR       +++..     NoTele   +   (no boots)
Stlth    +++.......             A - amulet of the acrobat
HPRegen  0.26/turn              B - ring of poison resistance
MPRegen  0.24/turn              H - ring "Qaiguxui" {*Contam rElec rPois MR++ SInv}

@: no potions, corroded, acrobat
A: small, deterioration 1, nightstalker 3
a: Renounce Religion


You were in the Dungeon.
You worshipped Vehumet.
Vehumet was exalted by your worship.
You visited 1 branch You collected 90 gold pieces.

Inventory:

Hand Weapons
 F - a +3 demon blade of electrocution (weapon)
Missiles
 b - 54 stones (quivered)
Armour
 c - a +1 kite shield of protection (worn)
 m - a +0 pair of gloves (worn)
 t - a +4 ring mail (worn)
 u - a +2 cloak (worn)
 D - a +2 hat (worn)
Jewellery
 n - a +3 ring of strength
 o - a +3 ring of evasion
 A - an amulet of the acrobat (around neck)
 B - a ring of poison resistance (left hand)
 G - a +4 ring of evasion
 H - the ring "Qaiguxui" (right hand) {*Contam rElec rPois MR++ SInv}
   (You found it in the Dungeon)

   [ring of see invisible]

   It insulates you from electricity.
   It protects you from poison.
   It affects your resistance to hostile enchantments.
   It lets you see invisible.
   It causes magical contamination when unequipped.
Scrolls
 i - 4 scrolls of enchant weapon
 j - 5 scrolls of remove curse
 k - 3 scrolls of amnesia
 l - a scroll of summoning
 v - 3 scrolls of identify
 w - a scroll of blinking
 x - a scroll of fear
 y - a scroll of magic mapping
Potions
 a - 2 potions of invisibility
 d - 10 potions of curing
 e - 9 potions of heal wounds
 f - a potion of haste
 g - 2 potions of magic
 h - 4 potions of berserk rage
 p - a potion of brilliance
 q - 2 potions of might
 r - 2 potions of stabbing
 s - 2 potions of mutation
 z - a potion of resistance
Miscellaneous
 C - a phial of floods


   Skills:
 - Level 16.1 Fighting
 - Level 15.0 Dodging
 - Level 2.6 Stealth
 * Level 10.0 Shields
 - Level 17.7 Spellcasting
 + Level 12.0 Conjurations
 - Level 10.2 Transmutations
 + Level 13.5 Ice Magic
 + Level 17.3 Earth Magic


You had 18 spell levels left.
You knew the following spells:

 Your Spells              Type           Power        Failure   Level
d - Lee's Rapid Deconstr  Erth           #######...   1%          5
e - Ozocubu's Refrigerat  Ice            ######....   7%          6
i - Iron Shot             Conj/Erth      ######....   4%          6
l - Lehudib's Crystal Sp  Conj/Erth      ######....   80%         8
R - Irradiate             Conj/Tmut      ######....   3%          5

Your spell library contained the following spells:

 Spells                   Type           Power        Failure   Level
 Shatter                  Erth           #######...   99%         9
 Tornado                  Air            ###.......   100%        9
 Beastly Appendage        Tmut           ######       1%          1
 Sandblast                Erth           ######       1%          1
 Passwall                 Tmut/Erth      ######..     1%          2
 Wereblood                Tmut           ######..     1%          2
 Stone Arrow              Conj/Erth      ######       1%          3
 Petrify                  Tmut/Erth      ######..     1%          4
 Ice Form                 Ice/Tmut       ######..     3%          4
 Bolt of Magma            Conj/Fire/Erth ######....   5%          5
 Spider Form              Tmut/Pois      #####.....   14%         3
 Blade Hands              Tmut           ######....   16%         5
 Summon Ice Beast         Ice/Summ       #####...     24%         4
 Borgnjor's Vile Clutch   Necr/Erth      ######....   30%         5
 Yara's Violent Unravell  Hex/Tmut       #####.....   32%         5
 Summon Small Mammal      Summ           ###.         36%         1
 Metabolic Englaciation   Hex/Ice        #####.....   56%         5
 Alistair's Intoxication  Tmut/Pois      #####....    80%         5
 Discord                  Hex            ###.......   100%        8


Dungeon Overview and Level Annotations

Branches:
Dungeon (1/1)

Altars:
Ashenzari
Cheibriados
Dithmenos
Elyvilon
Fedhas
Gozag
Hepliaklqana
Kikubaaqudgha
Makhleb
Nemelex Xobeh
Okawaru
Qazlal
Ru
Sif Muna
Trog
Uskayaw
Vehumet
Wu Jian
Xom
Yredelemnul
Zin
The Shining One
Beogh
Jiyva
Lugonu


Innate Abilities, Weirdness & Mutations

You are small and have problems with some larger weapons.
You are completely attuned to the shadows.
Your body sometimes deteriorates upon taking damage.


Message History

The deep elf sorcerer casts a spell at you.
The bolt of acid misses you.
The deep elf sorcerer casts a spell at you.
The sphere of damnation explodes!
The damnation engulfs you!!
* * * LOW HITPOINT WARNING * * *
Casting: Ozocubu's Refrigeration (dangerous; 7% risk of failure)
Confirm with . or Enter, or press ? or * to list all spells.
Okay, then.
You cannot drink potions in your current state!
The deep elf sorcerer casts a spell at you.
The sphere of damnation explodes!
The damnation engulfs you!!
* * * LOW HITPOINT WARNING * * *
Your body deteriorates!
You feel clumsy.
Casting: Ozocubu's Refrigeration (dangerous; 7% risk of failure)
Confirm with . or Enter, or press ? or * to list all spells.
Okay, then.
Unknown command.
The deep elf sorcerer casts a spell at you.
The bolt of acid hits you!!
You die...

#########################+#
...................Y.d....#
.).).)........).@.e.......#
########''##############..#
#))))#.)....#[[.[#[[#[[#..#
##''##......##''##[[#[[#d)#
#....#.(....#....#.....#..#
#....###..###....####..#..#
........)...........'..#ยง.#
#................####..#..#
#..####...)####).#.....#..#


You could see a death yak and a deep elf sorcerer (fast).

Vanquished Creatures
  A deep elf blademaster (D)
  Polyphemus (D)
  Frances (D)
  Gastronok (D)
  A nagaraja (D)
  2 orc warlords (D)
  An angel (D)
  2 lorocyprocas (D)
  A deep elf demonologist (D)
  A dire elephant (D)
  A merfolk impaler (D)
  An eidolon (D)
  A deep elf high priest (D)
  A yaktaur captain (D)
  2 vault guards (D)
  2 naga warriors (D)
  A boulder beetle (D)
  A catoblepas (D)
  A two-headed ogre (D)
  A death knight (D)
  2 death yaks (D)
  An orc high priest (D)
  A vampire mage (D)
  A soul eater (D)
  2 deep elf knights (D)
  A sixfirhy (D)
  2 deep trolls (D)
  A wizard (D)
  10 orc knights (D)
  A lindwurm (D)
  A manticore (D)
  An orc sorcerer (D)
  2 deep elf magi (D)
  A wolf spider (D)
  2 cyclopes (D)
  Maurice (D)
  A guardian serpent (D)
  A black mamba (D)
  A cane toad (D)
  A smoke demon (D)
  3 kobold demonologists (D)
  A demonic crawler (D)
  A komodo dragon (D)
  2 wandering mushrooms (D)
  2 merfolk (D)
  A jumping spider (D)
  A hornet (D)
  A troll (D)
  2 wind drakes (D)
  A polar bear (D)
  A snapping turtle (D)
  An air elemental (D)
  5 redbacks (D)
  A water elemental (D)
  A tarantella (D)
  2 spriggans (D)
  2 shadows (D)
  A ynoxinul (D)
  11 yaks (D)
  A vampire (D)
  A fire bat (D)
  4 vampire mosquitoes (D)
  An acid dragon (D)
  Duvessa (D)
  A warg (D)
  A floating eye (D)
  2 orc warriors (D)
  A sky beast (D)
  A black bear (D)
  2 phantoms (D)
  7 wolves (D)
  A centaur (D)
  2 big kobolds (D)
  Dowan (D)
  A quasit (D)
  A jelly (D)
  4 orc priests (D)
  3 orc wizards (D)
  An iguana (D)
  3 worker ants (D)
  2 adders (D)
  2 ufetubi (D)
  An adder skeleton (D)
  2 worms (D)
  An adder simulacrum (D)
  3 leopard geckos (D)
  8 orcs (D)
  A goblin (D)
  3 jackals (D)
  A quokka (D)
  A ball python (D)
  A giant cockroach zombie (D)
  6 kobolds (D)
170 creatures vanquished.

Notes
Turn   | Place    | Note
-------+----------+-------------------------------------------
     0 | D        | sahdkjhfkaj the Kobold Earth Elementalist began the quest
                  | for the Orb.
     0 | D        | Reached XP level 1. HP: 10/10 MP: 3/3
    30 | D        | Found a bloodstained altar of Trog.
    30 | D        | Found a shimmering blue altar of Sif Muna.
    30 | D        | Found a viscous altar of Jiyva.
    30 | D        | Found a hazy altar of Hepliaklqana.
    30 | D        | Found an opulent altar of Gozag.
    31 | D        | Found a glowing golden altar of the Shining One.
    31 | D        | Found a glowing silver altar of Zin.
    31 | D        | Found a sacrificial altar of Ru.
    31 | D        | Found a stormy altar of Qazlal.
    31 | D        | Found a blossoming altar of Fedhas.
    32 | D        | Found a basalt altar of Yredelemnul.
    32 | D        | Found an iron altar of Okawaru.
    32 | D        | Found a white marble altar of Elyvilon.
    33 | D        | Found a sparkling altar of Nemelex Xobeh.
    33 | D        | Found a shimmering altar of Xom.
    33 | D        | Found a shadowy altar of Dithmenos.
    34 | D        | Found a snail-covered altar of Cheibriados.
    34 | D        | Found a burning altar of Makhleb.
    34 | D        | Found an ornate altar of the Wu Jian Council.
    35 | D        | Found a roughly hewn altar of Beogh.
    35 | D        | Found a corrupted altar of Lugonu.
    35 | D        | Found a radiant altar of Vehumet.
    36 | D        | Found a broken altar of Ashenzari.
    36 | D        | Found an ancient bone altar of Kikubaaqudgha.
    36 | D        | Found a hide-covered altar of Uskayaw.
    40 | D        | Became a worshipper of Vehumet
    99 | D        | Reached skill level 5 in Earth Magic
    99 | D        | Reached XP level 2. HP: 14/15 MP: 1/5
   257 | D        | Reached * piety under Vehumet
   257 | D        | Offered knowledge of Magic Dart by Vehumet.
   294 | D        | Reached ** piety under Vehumet
   294 | D        | Reached XP level 3. HP: 19/19 MP: 2/6
   336 | D        | Learned a level 3 spell: Stone Arrow
   425 | D        | Offered knowledge of Foxfire by Vehumet.
   425 | D        | Reached XP level 4. HP: 24/24 MP: 0/7
   497 | D        | Reached *** piety under Vehumet
   569 | D        | Noticed a phantom
   577 | D        | Killed a phantom
   577 | D        | Reached skill level 5 in Spellcasting
   577 | D        | Reached XP level 5. HP: 25/28 MP: 2/12
   580 | D        | Reached **** piety under Vehumet
   580 | D        | Reached skill level 10 in Earth Magic
   645 | D        | Learned a level 5 spell: Lee's Rapid Deconstruction
   651 | D        | Offered knowledge of Static Discharge by Vehumet.
   652 | D        | Noticed a black bear
   660 | D        | Killed a black bear
   660 | D        | Reached XP level 6. HP: 21/32 MP: 0/17
   781 | D        | Noticed a warg
   784 | D        | Killed a warg
   784 | D        | Offered knowledge of Iskenderun's Mystic Blast by Vehumet.
   784 | D        | Reached skill level 10 in Spellcasting
  1051 | D        | Noticed a phantom
  1055 | D        | Killed a phantom
  1055 | D        | Offered knowledge of Lightning Bolt by Vehumet.
  1055 | D        | Reached XP level 7. HP: 33/40 MP: 8/20
  1126 | D        | Reached ***** piety under Vehumet
  1128 | D        | Reached skill level 5 in Dodging
  1175 | D        | Noticed a deep elf mage
  1175 | D        | Noticed a polar bear
  1200 | D        | Killed a polar bear
  1200 | D        | Reached skill level 5 in Fighting
  1200 | D        | Reached XP level 8. HP: 51/51 MP: 5/23
  1281 | D        | Killed a deep elf mage
  1281 | D        | Offered knowledge of Irradiate by Vehumet.
  1377 | D        | Learned a level 5 spell: Irradiate
  1420 | D        | Got the +2 rapier of Chance {vorpal, +Inv rPois}
  1515 | D        | Reached skill level 1 in Conjurations
  1685 | D        | Reached XP level 9. HP: 46/57 MP: 9/24
  1685 | D        | Noticed a smoke demon
  1687 | D        | Killed a smoke demon
  1687 | D        | Reached skill level 5 in Conjurations
  1687 | D        | Reached skill level 5 in Transmutations
  2088 | D        | Noticed an orc sorcerer
  2088 | D        | Noticed a two-headed ogre
  2090 | D        | Killed an orc sorcerer
  2093 | D        | Killed a two-headed ogre
  2093 | D        | Reached ****** piety under Vehumet
  2093 | D        | Offered knowledge of Iskenderun's Battlesphere by Vehumet.
  2093 | D        | Reached XP level 10. HP: 53/66 MP: 9/26
  2095 | D        | Noticed an orc high priest
  2098 | D        | Killed an orc high priest
  2098 | D        | Reached skill level 10 in Fighting
  2319 | D        | Noticed a deep troll
  2323 | D        | Killed a deep troll
  2365 | D        | Noticed a lindwurm
  2368 | D        | Killed a lindwurm
  2384 | D        | Offered knowledge of Fireball by Vehumet.
  2418 | D        | Noticed an eidolon
  2420 | D        | Killed an eidolon
  2420 | D        | Reached skill level 15 in Spellcasting
  2420 | D        | Reached skill level 15 in Earth Magic
  2420 | D        | Reached XP level 11. HP: 71/72 MP: 6/30
  2617 | D        | Offered knowledge of Ozocubu's Refrigeration by Vehumet.
  2630 | D        | Learned a level 6 spell: Ozocubu's Refrigeration
  3513 | D        | Reached skill level 5 in Ice Magic
  3647 | D        | Offered knowledge of Bolt of Magma by Vehumet.
  3798 | D        | Noticed a vampire mage
  3798 | D        | Noticed Duvessa
  3800 | D        | Killed a vampire mage
  3835 | D        | Killed Duvessa
  3969 | D        | Noticed Dowan
  3971 | D        | Killed Dowan
  4046 | D        | Noticed Polyphemus
  4340 | D        | Noticed Maurice
  4346 | D        | Killed Maurice
  4346 | D        | Reached skill level 10 in Ice Magic
  4517 | D        | Offered knowledge of Iron Shot by Vehumet.
  4526 | D        | Learned a level 6 spell: Iron Shot
  4547 | D        | Noticed a manticore
  4550 | D        | Killed Polyphemus
  4550 | D        | Reached XP level 12. HP: 65/78 MP: 9/31
  5183 | D        | Offered knowledge of Freezing Cloud by Vehumet.
  5376 | D        | Offered knowledge of Lehudib's Crystal Spear by Vehumet.
  5376 | D        | Offered knowledge of Shatter by Vehumet.
  5376 | D        | Offered knowledge of Tornado by Vehumet.
  5386 | D        | Learned a level 8 spell: Lehudib's Crystal Spear
  5620 | D        | Noticed Gastronok
  5695 | D        | Killed Gastronok
  5813 | D        | Noticed a deep troll
  5817 | D        | Killed a deep troll
  6072 | D        | Noticed a sixfirhy
  6279 | D        | Noticed a nagaraja
  6280 | D        | Noticed a death knight
  6283 | D        | Killed a nagaraja
  6372 | D        | Killed a death knight
  6722 | D        | Reached XP level 13. HP: 87/87 MP: 29/33
  6742 | D        | Noticed a boulder beetle
  6747 | D        | Killed a boulder beetle
  6747 | D        | Reached skill level 10 in Dodging
  7089 | D        | Noticed an orc warlord
  7094 | D        | Noticed an orc warlord
  7135 | D        | Killed an orc warlord
  7135 | D        | Reached skill level 10 in Transmutations
  7228 | D        | Killed an orc warlord
  7228 | D        | Reached skill level 10 in Conjurations
  7860 | D        | Noticed a dire elephant
  7889 | D        | Killed a dire elephant
  8114 | D        | Noticed a naga warrior
  8118 | D        | Killed a naga warrior
  8319 | D        | Killed a lorocyproca
  8569 | D        | Noticed a yaktaur captain
  8572 | D        | Killed a yaktaur captain
  8619 | D        | Reached skill level 5 in Shields
  8747 | D        | Reached skill level 15 in Fighting
  8951 | D        | Noticed a naga warrior
  9344 | D        | Killed a naga warrior
  9582 | D        | Reached skill level 15 in Dodging
  9582 | D        | Reached XP level 14. HP: 85/98 MP: 26/35
  9637 | D        | Noticed a deep elf blademaster
  9645 | D        | Killed a deep elf blademaster
 10183 | D        | Noticed a deep elf demonologist
 10183 | D        | Noticed an angel
 10187 | D        | Killed a deep elf demonologist
 10226 | D        | Killed an angel
 10239 | D        | Gained mutation: Your body sometimes deteriorates upon
                  | taking damage. [mutagenic glow]
 10340 | D        | Got Further Steps in Thaumaturgy
 10345 | D        | Got the ring "Qaiguxui" {*Contam rElec rPois MR++ SInv}
 10430 | D        | Noticed a lorocyproca
 10453 | D        | Killed a lorocyproca
 11106 | D        | Got the Tome of the Creative Oath
 11140 | D        | Identified the +9 flail of the Sun {drain, +Inv rElec rC++
                  | MR-}
 11420 | D        | Noticed Frances
 11428 | D        | Killed Frances
 11748 | D        | Noticed a deep elf sorcerer
 11755 | D        | Reached skill level 10 in Shields
 11755 | D        | Noticed a yellow draconian
 11768 | D        | Killed from afar by a deep elf sorcerer

Illustrated notes

Levels and vault maps discovered:
D:        pitsprint [storerooms_1, entrance_room_1, metal_vault_4, armoury_1,
          mini_pit_1, grid_room_1, main_hall_1, silver_pit, the_coven_2,
          the_vestibule_1, steel_vault_5, golden_pit, hallway_of_sentries,
          crystal_vault_2, iron_vault_3, final_vault]

Skill      XL: |  1  2  3  4  5  6  7  8  9 10 11 12 13 14 |
---------------+-------------------------------------------+-----
Earth Magic    | 5 7 8 9 10 11 12 15 16 17 | 17.3
Spellcasting   | 5 8 10 11 12 15 16 17 | 17.7
Fighting       | 2 5 7 9 10 12 15 16 | 16.1
Dodging        | 3 5 6 9 15 | 15.0
Conjurations   | 3 6 9 10 12 | 12.0
Transmutations | 3 6 9 10 | 10.2
Ice Magic      | 12 13 | 13.5
Shields        | 5 10 | 10.0
Stealth        | |  2.6

Action                   |  1- 3 |  4- 6 |  7- 9 | 10-12 | 13-15 || total
-------------------------+-------+-------+-------+-------+-------++-------
Melee: Falchion          |     2 |     1 |       |       |       ||     3
       Dagger            |       |     7 |       |       |       ||     7
       Rapier            |       |       |       |    30 |     1 ||    31
       Demon blade       |       |       |       |       |     5 ||     5
 Cast: Sandblast         |    10 |     2 |       |     2 |       ||    14
       Stone Arrow       |     5 |     7 |    12 |     6 |       ||    30
       Lee's Rapid Decon |       |     4 |    12 |    30 |     6 ||    52
       Irradiate         |       |       |     3 |    18 |    24 ||    45
       Ozocubu's Refrige |       |       |       |    18 |    41 ||    59
       Iron Shot         |       |       |       |    33 |    84 ||   117
       Lehudib's Crystal |       |       |       |     1 |     1 ||     2
  Use: Potion            |       |       |       |     4 |     5 ||     9
       Scroll            |       |       |       |     3 |       ||     3
 Stab: Sleeping          |       |     1 |       |       |       ||     1
       Distracted        |       |       |       |     1 |       ||     1
Armor: Robe              |       |     1 |     1 |    10 |     1 ||    13
       Ring mail         |       |       |       |       |    15 ||    15
Dodge: Dodged            |     7 |     8 |    21 |   105 |    58 ||   199
Block: Buckler           |       |       |       |       |     4 ||     4
       Kite shield       |       |       |       |       |    28 ||    28
       Rpst.: Falchion   |     1 |       |       |       |       ||     1
       Demon blade       |       |       |       |       |     3 ||     3

Table legend: (Time is in decaauts) A = Elapsed time spent in this place. B = Non-inter-level travel time spent in this place. C = Inter-level travel time spent in this place. D = Time resting spent in this place. E = Time spent auto-exploring this place. F = Levels seen in this place. G = Mean time per level. A B C D E F G +--------+--------+--------+--------+--------+-----+--------+ Total | 11771 | 11199 | 572 | 8403 | 0 | 1 | 11771.0 | Dungeon | 11771 | 11199 | 572 | 8403 | 0 | 1 | 11771.0 | +--------+--------+--------+--------+--------+-----+--------+

Top non-repeatable levels by time:
       D: 11771 daAuts
